[Event "Tuesday 03 April Rapid Engine Tour12+1 Rounds 9 Starts 1600ST"]
[Site "Infinity Chess"]
[Date "2018.4.3"]
[Round "8"]
[White "Thinker"]
[Black "Harry_Potter"]
[Result "1/2-1/2"]
[ECO "C50"]
[WhiteElo "2451"]
[BlackElo "2477"]
[WhiteEngine "BrainFish_180329_x64_modern_CTG"]
[BlackEngine "asmFishW_2018-03-27_bmi2_CTG"]
[EventType "Swiss"]
[WhiteTeam ""]
[BlackTeam ""]
[PlyCount "87"]
[TimeControl "720+1"]

1. e4 e5 2. Nf3 Nc6 3. Bc4 Bc5 4. O-O Nf6 5. d3 d6 6. c3 O-O 7. h3 a6 8. Re1 Ba7 
9. Bb3 h6 10. Nbd2 Be6 11. Nf1 Re8 12. Bc2 d5 13. Qe2 b5 14. Bd2 Qd7 
15. Ng3 Rab8 16. exd5 Bxd5 17. b4 Rbd8 18. a4 Bb6 19. Nh4 Be6 20. Qf1 Qe7 
21. Nf3 Bd5 22. Qe2 Qd7 23. Qd1 Re6 24. Be3 Qe8 25. axb5 axb5 26. Bxb6 cxb6 
27. Nf5 Be4 28. dxe4 Rxd1 29. Raxd1 g6 30. Nxh6+ Kg7 31. Ng4 Nxg4 32. hxg4 Re7 
33. Bb3 Ra7 34. Rd6 Qc8 35. g5 Nd8 36. Re3 Ra3 37. Nd2 Ra1+ 38. Kh2 Qg4 
39. Rxd8 Qh4+ 40. Rh3 Qf4+ 41. Rg3 Qh4+ 42. Rh3 Qf4+ 43. Rg3 Qh4+ 44. Rh3 
1/2-1/2

[Event "Tuesday 03 April Rapid Engine Tour12+1 Rounds 9 Starts 1600ST"]
[Site "Infinity Chess"]
[Date "2018.4.3"]
[Round "8"]
[White "MarioDeMonti"]
[Black "MCDermont"]
[Result "1/2-1/2"]
[ECO "E10"]
[WhiteElo "2502"]
[BlackElo "2499"]
[WhiteEngine "stockfish_x64_bmi2_2018_02_18_CTG"]
[BlackEngine "BrainFish 010418 WM_CTG"]
[EventType "Swiss"]
[WhiteTeam ""]
[BlackTeam ""]
[PlyCount "107"]
[TimeControl "720+1"]

1. d4 Nf6 2. c4 e6 3. Nf3 d5 4. Nc3 c6 5. Bg5 h6 6. Bh4 dxc4 7. e4 g5 8. Bg3 b5 
9. Be2 Bb7 10. h4 g4 11. Ne5 Nbd7 12. Nxd7 Qxd7 13. Be5 Qe7 14. b3 Rg8 
15. Qc2 Nd7 16. Bg3 e5 17. d5 cxd5 18. Nxd5 Qc5 19. bxc4 f5 20. h5 f4 
21. Bh4 Rc8 22. Rb1 a6 23. O-O f3 24. Bd3 g3 25. Kh1 fxg2+ 26. Kxg2 gxf2+ 
27. Kh1 bxc4 28. Rxb7 cxd3 29. Qxd3 Rg1+ 30. Kh2 Rxf1 31. Qxf1 Qc2 
32. Qxf2 Qxf2+ 33. Bxf2 Rc2 34. Kg3 Rxa2 35. Be3 Ra1 36. Kg4 Rf1 37. Nc7+ Ke7 
38. Nxa6 Kd6 39. Kg3 Rh1 40. Nb8 Nc5 41. Bxc5+ Kxc5 42. Nd7+ Kc6 43. Ra7 Bd6 
44. Nf6 Bc5 45. Ra8 Kb5 46. Rh8 Be3 47. Kg4 Kc4 48. Rc8+ Kd3 49. Rd8+ Ke2 
50. Kf5 Rf1+ 51. Kxe5 Rxf6 52. Kxf6 Bg5+ 53. Kg6 Bxd8 54. Kxh6 1/2-1/2

[Event "Tuesday 03 April Rapid Engine Tour12+1 Rounds 9 Starts 1600ST"]
[Site "Infinity Chess"]
[Date "2018.4.3"]
[Round "8"]
[White "Marsell"]
[Black "Brtroy"]
[Result "1/2-1/2"]
[ECO "C53"]
[WhiteElo "2470"]
[BlackElo "2500"]
[WhiteEngine "asmFishW_2018-04-02_bmi2"]
[BlackEngine "Stockfish_18040103_x64_bmi2_CTG"]
[EventType "Swiss"]
[WhiteTeam ""]
[BlackTeam ""]
[PlyCount "122"]
[TimeControl "720+1"]

1. e4 e5 2. Nf3 Nc6 3. Bc4 Bc5 4. c3 Nf6 5. d3 a5 6. O-O d6 7. Bg5 Ba7 
8. Nbd2 h6 9. Bh4 g5 10. Bg3 O-O 11. a3 Kg7 12. Re1 Nh7 13. h3 h5 14. d4 g4 
15. Nh4 exd4 16. Nf5+ Bxf5 17. exf5 dxc3 18. Ne4 cxb2 19. Rb1 d5 20. Bxd5 Bd4 
21. Qb3 Qd7 22. Rxb2 a4 23. Qa2 Ra5 24. Bxc6 bxc6 25. hxg4 Rd5 26. Rbe2 hxg4 
27. Qc4 Re8 28. Qxa4 Qxf5 29. Qxc6 Nf6 30. Nxf6 Rxe2 31. Rxe2 Bxf6 32. Re1 Rd3 
33. Qxc7 Rxa3 34. Qc4 Rd3 35. Qe4 Qg6 36. Qxg6+ Kxg6 37. Re4 Rd1+ 38. Kh2 Kh5 
39. f3 gxf3 40. gxf3 Rd2+ 41. Kh3 Rd1 42. Ra4 Rd5 43. Ra7 Kg6 44. Kg2 Bd4 
45. Ra8 f6 46. Ra2 Rg5 47. f4 Rf5 48. Ra6 Rh5 49. Rd6 Bc5 50. Rd8 Kf7 
51. Kf3 Rh3 52. Rd5 Be7 53. Kg4 Rh7 54. f5 Rh1 55. Rd7 Rh7 56. Bd6 Rg7+ 
57. Kf3 Ke8 58. Rxe7+ Rxe7 59. Bxe7 Kxe7 60. Ke3 Kd8 61. Kd3 Ke8 1/2-1/2

[Event "Tuesday 03 April Rapid Engine Tour12+1 Rounds 9 Starts 1600ST"]
[Site "Infinity Chess"]
[Date "2018.4.3"]
[Round "8"]
[White "Mr Aj"]
[Black "ivrdurant"]
[Result "1/2-1/2"]
[ECO "E10"]
[WhiteElo "2455"]
[BlackElo "2476"]
[WhiteEngine "Houdini 6_CTG"]
[BlackEngine "Raubfisch ME262_GTZ16d4"]
[EventType "Swiss"]
[WhiteTeam ""]
[BlackTeam ""]
[PlyCount "142"]
[TimeControl "720+1"]

1. d4 Nf6 2. c4 e6 3. Nf3 d5 4. Nc3 c6 5. e3 Nbd7 6. Qc2 Bd6 7. Bd3 dxc4 
8. Bxc4 O-O 9. O-O b5 10. Be2 Bb7 11. Rd1 Qc7 12. e4 e5 13. g3 Rfe8 
14. dxe5 Nxe5 15. Nh4 Bc5 16. Nf5 Nfg4 17. Bxg4 Nxg4 18. Bf4 Qb6 19. Rd2 Rad8 
20. Rxd8 Rxd8 21. Rf1 Bc8 22. Kg2 g6 23. Nh6+ Nxh6 24. Bxh6 Qc7 25. Bg5 Re8 
26. Re1 Qe5 27. Be3 a5 28. a3 Bf8 29. f3 Be6 30. Rd1 Qb8 31. Qf2 Rd8 32. Bf4 Qc8 
33. Qb6 Rxd1 34. Nxd1 Qd7 35. Nf2 a4 36. Qb8 Qc8 37. Qb6 Qd7 38. Be5 h6 
39. Qb8 Qc8 40. Qb6 h5 41. h3 Bc4 42. Bc3 Qd7 43. g4 Qd6 44. Qe3 Be7 45. Qh6 Bf6 
46. Bxf6 Qxf6 47. Qd2 h4 48. f4 Qe7 49. Kf3 g5 50. Nd1 gxf4 51. Qxf4 Qd8 
52. Ne3 Qd3 53. Qg5+ Kf8 54. Kf4 Qd6+ 55. Qe5 Qd2 56. Qh8+ Ke7 57. Qd4 Qxd4 
58. Nf5+ Kf8 59. Nxd4 c5 60. Nf3 Be2 61. Nxh4 b4 62. Ke3 Bf1 63. axb4 cxb4 
64. Kd4 a3 65. bxa3 bxa3 66. Kc3 a2 67. Kb2 Bxh3 68. Kxa2 Bxg4 69. Ka3 f6 
70. e5 f5 71. Ng6+ Kf7 1/2-1/2

[Event "Tuesday 03 April Rapid Engine Tour12+1 Rounds 9 Starts 1600ST"]
[Site "Infinity Chess"]
[Date "2018.4.3"]
[Round "8"]
[White "SkyPilot"]
[Black "THE_MACHINE"]
[Result "1/2-1/2"]
[ECO "C55"]
[WhiteElo "2492"]
[BlackElo "2490"]
[WhiteEngine "stockfish_x64_bmi2_2018_03_30_CTG"]
[BlackEngine "BrainFish_180401_x64_bmi2"]
[EventType "Swiss"]
[WhiteTeam ""]
[BlackTeam ""]
[PlyCount "105"]
[TimeControl "720+1"]

1. e4 e5 2. Nf3 Nc6 3. Bc4 Nf6 4. d3 Bc5 5. O-O d6 6. c3 O-O 7. h3 a5 
8. Nbd2 Be6 9. Bb5 h6 10. Re1 Qb8 11. Nf1 Qa7 12. Re2 a4 13. Ng3 Qa5 
14. Bxc6 bxc6 15. Nh4 Rfe8 16. Re1 d5 17. exd5 cxd5 18. Rxe5 Bf8 19. Qc2 c5 
20. Bd2 Nd7 21. Re2 c4 22. d4 a3 23. bxa3 Qa4 24. Qc1 Qxa3 25. Qe1 Nf6 
26. Nf3 Ra6 27. Bc1 Qe7 28. Ne5 Qc7 29. f4 Qc8 30. a4 Bf5 31. Nxf5 Qxf5 
32. Ng4 Rxe2 33. Nxf6+ Rxf6 34. Qxe2 Re6 35. g4 Qh7 36. Be3 Qe4 37. Re1 Ra6 
38. Bc1 Qxe2 39. Rxe2 Rxa4 40. Kf2 Ra1 41. Be3 Ba3 42. f5 Bc1 43. h4 f6 
44. Bxc1 Rxc1 45. Re3 Kf7 46. h5 Rc2+ 47. Kg3 Kg8 48. Kf4 Kf7 49. Kg3 Rb2 
50. Re1 Rd2 51. Kf3 Rh2 52. Kg3 Rc2 53. Re3 1/2-1/2

[Event "Tuesday 03 April Rapid Engine Tour12+1 Rounds 9 Starts 1600ST"]
[Site "Infinity Chess"]
[Date "2018.4.3"]
[Round "7"]
[White "MGR"]
[Black "hafaba"]
[Result "1/2-1/2"]
[ECO "C23"]
[WhiteElo "2450"]
[BlackElo "2428"]
[WhiteEngine "asmFishW_2018-04-02_bmi2"]
[BlackEngine "Eman 1.70-beta13 64-bit POPCNT"]
[EventType "Swiss"]
[WhiteTeam ""]
[BlackTeam ""]
[PlyCount "105"]
[TimeControl "720+1"]

1. e4 e5 2. Bc4 Nc6 3. d3 Bc5 4. Nf3 Nf6 5. O-O d6 6. c3 Bb6 7. a4 h6 8. b4 a5 
9. b5 Ne7 10. Nbd2 Ng6 11. d4 O-O 12. Re1 Re8 13. Bb2 c6 14. Bd3 Bg4 15. h3 Nf4 
16. Bf1 Bh5 17. g3 Ne6 18. Qb3 Rb8 19. Bg2 Rc8 20. Bf1 Nd7 21. Bg2 Nf6 
22. Rac1 Bg6 23. Bf1 Qc7 24. Nh4 Bh7 25. Nhf3 Qd8 26. Kh2 h5 27. Kg1 h4 
28. Nxh4 exd4 29. cxd4 Nxd4 30. Bxd4 Bxd4 31. Nhf3 Ba7 32. Bd3 Nd7 33. bxc6 bxc6 
34. Qc3 Qb6 35. Re2 Qc5 36. Nb3 Qxc3 37. Rxc3 Nc5 38. Nxc5 Bxc5 39. e5 Bb4 
40. Bxh7+ Kxh7 41. Rd3 d5 42. Nd4 Red8 43. Nf5 g6 44. Ne3 Bc5 45. Rc2 Bxe3 
46. fxe3 c5 47. Kf2 Kg7 48. Rcd2 c4 49. Rxd5 Rxd5 50. Rxd5 c3 51. Rd1 f5 
52. exf6+ Kxf6 53. Ke2 1/2-1/2

[Event "Tuesday 03 April Rapid Engine Tour12+1 Rounds 9 Starts 1600ST"]
[Site "Infinity Chess"]
[Date "2018.4.3"]
[Round "7"]
[White "ludimilojko"]
[Black "Vimtiroba"]
[Result "1/2-1/2"]
[ECO "D31"]
[WhiteElo "2287"]
[BlackElo "2411"]
[WhiteEngine "CorChess 2.2 020418 _x64_CTG"]
[BlackEngine "SF9 ''C1''_CTG"]
[EventType "Swiss"]
[WhiteTeam ""]
[BlackTeam ""]
[PlyCount "200"]
[TimeControl "720+1"]

1. d4 d5 2. c4 e6 3. Nc3 c6 4. Nf3 Nf6 5. Bg5 h6 6. Bxf6 Qxf6 7. e3 g6 
8. Bd3 dxc4 9. Bxc4 Bg7 10. e4 O-O 11. Qe2 Qd8 12. Qe3 b5 13. Be2 e5 14. Nxe5 c5 
15. Rd1 cxd4 16. Rxd4 Nd7 17. Nc6 Bxd4 18. Qxd4 Qf6 19. Bxb5 a6 20. Qxf6 Nxf6 
21. Bd3 Bb7 22. Ne5 Rae8 23. f4 g5 24. O-O gxf4 25. Rxf4 Rxe5 26. Rxf6 Rd8 
27. Rf3 Kg7 28. b3 Rd7 29. Re3 a5 30. Kf2 Rd6 31. h4 Bc8 32. Bc4 Be6 
33. Bxe6 Rdxe6 34. a3 f5 35. Kf3 fxe4+ 36. Rxe4 Rf5+ 37. Ke3 Rg6 38. g4 Rf1 
39. b4 Ra1 40. bxa5 Rxa3 41. Rc4 Rxa5 42. Rc7+ Kf8 43. Rc4 Ke7 44. Kf3 Rf6+ 
45. Kg3 Rf1 46. Ne4 Ra3+ 47. Rc3 Rg1+ 48. Kf3 Ra4 49. Re3 Rb4 50. Ng3+ Kf6 
51. Ne4+ Ke5 52. Ng3+ Kf6 53. Ne4+ Kg7 54. Ng3 Kg6 55. Re6+ Kf7 56. Re3 Ra1 
57. Nf5 Raa4 58. Kf2 Ra6 59. Kg3 Kg6 60. Ne7+ Kh7 61. Nf5 Kg6 62. Ne7+ Kh7 
63. Nf5 Rg6 64. Re7+ Kg8 65. Kf3 h5 66. gxh5 Rf6 67. Re5 Rxh4 68. Kg3 Rh1 
69. Kg4 Ra6 70. Re8+ Kf7 71. Re4 Ra8 72. Nd6+ Kg7 73. Kg5 Rg1+ 74. Rg4 Rd1 
75. Ne4 Rf1 76. Ng3 Rb1 77. Kf4+ Kh7 78. Rg6 Ra4+ 79. Kg5 Ra5+ 80. Kh4 Ra4+ 
81. Rg4 Ra8 82. Rg6 Ra4+ 83. Rg4 Ra8 84. Rg6 Ra5 85. Rg4 Rg1 86. Rg6 Ra2 
87. Kg4 Ra4+ 88. Kf5 Ra3 89. Kf4 Ra4+ 90. Kf5 Ra3 91. Kf4 Rb3 92. Nf5 Rb4+ 
93. Ke5 Rb5+ 94. Kd6 Rd1+ 95. Ke6 Ra5 96. Rh6+ Kg8 97. Rg6+ Kh8 98. Rh6+ Kg8 
99. Rg6+ Kh8 100. Rh6+ Kg8 1/2-1/2

[Event "Tuesday 03 April Rapid Engine Tour12+1 Rounds 9 Starts 1600ST"]
[Site "Infinity Chess"]
[Date "2018.4.3"]
[Round "7"]
[White "IronMan"]
[Black "KULLANI"]
[Result "1/2-1/2"]
[ECO "C26"]
[WhiteElo "2449"]
[BlackElo "2407"]
[WhiteEngine "Eman 1.70-beta13 64-bit BMI2"]
[BlackEngine "BrainFish_180329_x64"]
[EventType "Swiss"]
[WhiteTeam ""]
[BlackTeam ""]
[PlyCount "88"]
[TimeControl "720+1"]

1. e4 e5 2. Nc3 Nf6 3. g3 Bc5 4. Bg2 Nc6 5. d3 a5 6. Nge2 d6 7. O-O O-O 8. h3 h6 
9. Kh2 Nd4 10. Nxd4 Bxd4 11. a4 Re8 12. f4 Ra6 13. f5 c6 14. g4 Rb6 15. h4 g6 
16. Bh3 Nh7 17. Qe1 d5 18. Ra2 Kg7 19. Qg3 Bc5 20. b3 Rb4 21. fxg6 fxg6 
22. g5 hxg5 23. hxg5 Bxh3 24. Kxh3 Bd4 25. Bd2 Bxc3 26. Bxc3 dxe4 27. Bxe5+ Kg8 
28. d4 Rxe5 29. Qxe5 Rxd4 30. Qe6+ Kh8 31. Qxg6 Rd5 32. Rf5 Qd7 33. Kg4 Rd1 
34. Kg3 Rg1+ 35. Kh2 Rg4 36. c3 Qc7+ 37. Kh1 Rh4+ 38. Kg1 Qg3+ 39. Rg2 Qe1+ 
40. Rf1 Qe3+ 41. Rff2 Qc1+ 42. Rf1 Qe3+ 43. Rff2 Qc1+ 44. Rf1 Qe3+ 1/2-1/2

[Event "Tuesday 03 April Rapid Engine Tour12+1 Rounds 9 Starts 1600ST"]
[Site "Infinity Chess"]
[Date "2018.4.3"]
[Round "7"]
[White "Dovahkiin"]
[Black "beka"]
[Result "1/2-1/2"]
[ECO "C24"]
[WhiteElo "2390"]
[BlackElo "2362"]
[WhiteEngine "BrainFish_180329_x64_modern_CTG"]
[BlackEngine "stockfish_18032408_32bit"]
[EventType "Swiss"]
[WhiteTeam ""]
[BlackTeam ""]
[PlyCount "126"]
[TimeControl "720+1"]

1. e4 e5 2. Bc4 Nf6 3. d3 Nc6 4. Nf3 Bc5 5. a4 a5 6. c3 h6 7. O-O d6 8. h3 O-O 
9. Re1 Be6 10. Nbd2 Ba7 11. Ra2 Bxc4 12. Nxc4 Re8 13. Be3 Bxe3 14. Nxe3 Qd7 
15. Ra1 Ne7 16. Nh2 Qe6 17. Qc2 Rad8 18. Rad1 b6 19. b4 d5 20. bxa5 bxa5 
21. Nhg4 Nxg4 22. hxg4 c6 23. g3 Ng6 24. Nf5 Ne7 25. c4 dxc4 26. dxc4 Nxf5 
27. gxf5 Qe7 28. Rxd8 Rxd8 29. c5 h5 30. Qc3 h4 31. gxh4 Rd4 32. Qxa5 Qxh4 
33. Qc3 Rxe4 34. Rxe4 Qxe4 35. a5 Qxf5 36. a6 Qg4+ 37. Qg3 Qd1+ 38. Kg2 Qd5+ 
39. Qf3 Qxc5 40. Qg4 Qd5+ 41. Kg1 Qa2 42. Qc8+ Kh7 43. Qxc6 Qa1+ 44. Kg2 Qd4 
45. Qb7 f5 46. Qf3 Kg6 47. Qc6+ Kh7 48. Kf3 Qg4+ 49. Ke3 Qd4+ 50. Kf3 e4+ 
51. Kg2 Qd3 52. Qa4 Qf3+ 53. Kf1 f4 54. a7 e3 55. Qc2+ Kh6 56. Qa2 Qd1+ 
57. Kg2 Qg4+ 58. Kf1 Qf3 59. a8=Q Qd1+ 60. Kg2 Qg4+ 61. Kf1 Qd1+ 62. Kg2 Qg4+ 
63. Kf1 Qd1+ 1/2-1/2

[Event "Tuesday 03 April Rapid Engine Tour12+1 Rounds 9 Starts 1600ST"]
[Site "Infinity Chess"]
[Date "2018.4.3"]
[Round "7"]
[White "KillBill2017"]
[Black "angriff"]
[Result "1/2-1/2"]
[ECO "C50"]
[WhiteElo "2420"]
[BlackElo "2404"]
[WhiteEngine "Raubfisch X37f_CTG"]
[BlackEngine "DracoREX 3.07 64BIT POPCNT_CTG"]
[EventType "Swiss"]
[WhiteTeam ""]
[BlackTeam ""]
[PlyCount "116"]
[TimeControl "720+1"]

1. e4 e5 2. Nf3 Nc6 3. Bc4 Bc5 4. O-O Nf6 5. d3 d6 6. c3 O-O 7. h3 a5 
8. Nbd2 Be6 9. Bb5 h6 10. Re1 Qb8 11. Nf1 Qa7 12. Re2 a4 13. Ng3 Qa5 
14. Bxc6 bxc6 15. d4 Bb6 16. Be3 Rfb8 17. Qc2 Qb5 18. Ree1 Re8 19. Nd2 Qa6 
20. Red1 Nd7 21. Nf3 exd4 22. cxd4 Qc4 23. Rdc1 Qxc2 24. Rxc2 Nf6 25. Nd2 Bc8 
26. a3 Bb7 27. Kh2 Ba6 28. Rxc6 Bb7 29. Rxb6 cxb6 30. d5 h5 31. Bg5 Rec8 
32. Rb1 Ba6 33. Bxf6 gxf6 34. Nf3 Rc2 35. Nxh5 Bd3 36. Nxf6+ Kg7 37. Nh5+ Kf8 
38. Ng3 b5 39. Ng5 b4 40. Nf5 Rxf2 41. Rd1 Bxe4 42. Nxe4 Rxf5 43. Nxd6 bxa3 
44. bxa3 Re5 45. Nc4 Re4 46. Nb6 Rd8 47. d6 f6 48. Kg3 Re3+ 49. Kf4 Rxa3 
50. Rd4 Rc3 51. Nxa4 Rc6 52. g4 Rd7 53. Kf5 Rdxd6 54. Rxd6 Rxd6 55. g5 fxg5 
56. Kxg5 Ke7 57. Kf5 Rd3 58. Nb6 Rxh3 1/2-1/2

[Event "Tuesday 03 April Rapid Engine Tour12+1 Rounds 9 Starts 1600ST"]
[Site "Infinity Chess"]
[Date "2018.4.3"]
[Round "7"]
[White "star99"]
[Black "CrapCleaner"]
[Result "1/2-1/2"]
[ECO "D31"]
[WhiteElo "2418"]
[BlackElo "2416"]
[WhiteEngine "Cryptic Heroes 9.2B"]
[BlackEngine "Raubfisch ME262_GTZ16e2_CTG"]
[EventType "Swiss"]
[WhiteTeam ""]
[BlackTeam ""]
[PlyCount "78"]
[TimeControl "720+1"]

1. d4 d5 2. c4 e6 3. Nc3 c6 4. e4 dxe4 5. Nxe4 Bb4+ 6. Nc3 e5 7. a3 Bxc3+ 
8. bxc3 Qa5 9. Bd2 Nf6 10. Nf3 Nbd7 11. h3 O-O 12. Qc2 b6 13. Be2 Re8 
14. O-O exd4 15. Rfe1 dxc3 16. Bxc3 Qh5 17. a4 Bb7 18. Ne5 Qg5 19. Nxd7 Nxd7 
20. Bf3 Rad8 21. Rad1 Nf8 22. a5 Rxd1 23. Rxd1 bxa5 24. Bd2 Qe7 25. Qa4 Ne6 
26. Re1 Qd7 27. Rd1 Nd4 28. Bg4 Qe7 29. Re1 Qd8 30. Bxa5 Rxe1+ 31. Bxe1 Qb6 
32. Bc3 Qb1+ 33. Kh2 Qe4 34. Qxa7 Qf4+ 35. g3 Qxf2+ 36. Kh1 Qf1+ 37. Kh2 Qf2+ 
38. Kh1 Qf1+ 39. Kh2 Qf2+ 1/2-1/2

[Event "Tuesday 03 April Rapid Engine Tour12+1 Rounds 9 Starts 1600ST"]
[Site "Infinity Chess"]
[Date "2018.4.3"]
[Round "7"]
[White "Thinker"]
[Black "RonWeasley"]
[Result "1/2-1/2"]
[ECO "C11"]
[WhiteElo "2451"]
[BlackElo "2441"]
[WhiteEngine "BrainFish_180329_x64_modern_CTG"]
[BlackEngine "BrainFish 010418 WM_CTG"]
[EventType "Swiss"]
[WhiteTeam ""]
[BlackTeam ""]
[PlyCount "119"]
[TimeControl "720+1"]

1. e4 e6 2. d4 d5 3. Nc3 Nf6 4. e5 Nfd7 5. f4 c5 6. Nf3 Nc6 7. Be3 cxd4 
8. Nxd4 Qb6 9. Qd2 Qxb2 10. Rb1 Qa3 11. Bb5 Nxd4 12. Bxd4 a6 13. Bxd7+ Bxd7 
14. Rb3 Qe7 15. Rxb7 Rc8 16. O-O Qd8 17. f5 exf5 18. Qd3 Bc5 19. Bxc5 Rxc5 
20. Nxd5 Bc8 21. Re7+ Kf8 22. Qa3 Qa5 23. Qxa5 Rxa5 24. Rc7 Be6 25. Nf4 Rxe5 
26. Nxe6+ Rxe6 27. Rxf5 Re7 28. Rc8+ Re8 29. Rfc5 Ke7 30. R8c6 g6 31. Rc3 a5 
32. R6c5 f5 33. Rxa5 Rc8 34. Ra7+ Ke6 35. Rac7 Rxc7 36. Rxc7 Ra8 37. Rxh7 Rxa2 
38. Rc7 g5 39. Kf2 Ke5 40. Rc3 g4 41. g3 Ra1 42. Re3+ Kd5 43. Re1 Ra3 
44. Ke2 Rc3 45. Kd2 Rf3 46. Ke2 Rc3 47. Kd2 Rf3 48. Re7 f4 49. gxf4 Rf2+ 
50. Kc3 Rxf4 51. Rg7 Ke6 52. Kb3 Kd5 53. c4+ Kc5 54. Rg5+ Kd6 55. Kb4 Rf2 
56. Rg6+ Kd7 57. Rxg4 Rxh2 58. Rg7+ Kc6 59. Rg6+ Kd7 60. Kc5 1/2-1/2

[Event "Tuesday 03 April Rapid Engine Tour12+1 Rounds 9 Starts 1600ST"]
[Site "Infinity Chess"]
[Date "2018.4.3"]
[Round "7"]
[White "ocirema"]
[Black "KRAKEN"]
[Result "1/2-1/2 "]
[ECO "C53"]
[WhiteElo "2433"]
[BlackElo "2469"]
[WhiteEngine "stockfish_18040300_x64_modern_CTG"]
[BlackEngine "Raubfisch X38_CTG"]
[EventType "Swiss"]
[WhiteTeam ""]
[BlackTeam ""]
[PlyCount "139"]
[TimeControl "720+1"]

1. e4 e5 2. Nf3 Nc6 3. Bc4 Bc5 4. c3 Nf6 5. d3 O-O 6. Nbd2 d6 7. Nf1 Na5 
8. Bb5 d5 9. N1d2 c6 10. Ba4 dxe4 11. dxe4 b5 12. Bc2 b4 13. cxb4 Bxb4 
14. a3 Bd6 15. O-O Ba6 16. Re1 c5 17. Nf1 Rb8 18. Ng3 Nc6 19. h3 Bc8 
20. Nf5 Bxf5 21. exf5 Nd4 22. Rb1 h6 23. Bd2 Qc7 24. Bc3 Rfd8 25. Nd2 Qd7 
26. Bd3 Bc7 27. Ne4 Nxf5 28. Nxc5 Qc6 29. Ne4 Nd4 30. Rc1 Nb3 31. Nxf6+ Qxf6 
32. Rc2 Nc5 33. Rd2 Nxd3 34. Rxd3 Bb6 35. Rxd8+ Rxd8 36. Qe2 Bd4 37. Bxd4 exd4 
38. Qd3 h5 39. b3 g6 40. Re4 Qf5 41. b4 Kh8 42. f3 Kg8 43. Kf1 Kg7 44. Kf2 Rd6 
45. Kg1 Rd7 46. Kf2 Qd5 47. Kf1 Qg5 48. Re2 h4 49. Kf2 Qd5 50. Re4 Qa2+ 
51. Kg1 Qa1+ 52. Kf2 Qb2+ 53. Re2 Qc1 54. Re1 Qf4 55. Re4 Qg3+ 56. Kf1 Qg5 
57. Re1 Rd6 58. Re8 a6 59. Rc8 Qf4 60. Rc5 Qh2 61. Rc4 Qe5 62. Rc8 Qf4 
63. a4 Rb6 64. Rc4 Rd6 65. b5 axb5 66. axb5 Qe5 67. b6 Rxb6 68. Qxd4 Qxd4 
69. Rxd4 g5 70. f4 1/2-1/2

[Event "Tuesday 03 April Rapid Engine Tour12+1 Rounds 9 Starts 1600ST"]
[Site "Infinity Chess"]
[Date "2018.4.3"]
[Round "7"]
[White "Harry_Potter"]
[Black "Prometheus"]
[Result "1/2-1/2"]
[ECO "E10"]
[WhiteElo "2478"]
[BlackElo "2446"]
[WhiteEngine "asmFishW_2018-03-27_bmi2_CTG"]
[BlackEngine "Eman 1.70-beta13 64-bit BMI2"]
[EventType "Swiss"]
[WhiteTeam ""]
[BlackTeam ""]
[PlyCount "88"]
[TimeControl "720+1"]

1. d4 Nf6 2. c4 e6 3. Nf3 d5 4. Nc3 a6 5. e3 c5 6. cxd5 exd5 7. b3 Nc6 
8. Bb2 cxd4 9. Nxd4 Bd6 10. Nxc6 bxc6 11. Be2 O-O 12. O-O Re8 13. Rc1 Bd7 
14. Bf3 Rc8 15. g3 Bh3 16. Re1 Qe7 17. Na4 Ne4 18. Bg4 Bxg4 19. Qxg4 f5 
20. Qh5 Qe6 21. Red1 h6 22. Nc3 Ng5 23. Kg2 Rc7 24. h4 Ne4 25. Qf3 Rf8 
26. Rh1 Re7 27. Rhd1 Be5 28. Ba1 a5 29. Ne2 Bxa1 30. Rxa1 Qf6 31. Rac1 g5 
32. Rh1 Rff7 33. hxg5 hxg5 34. Rcd1 Rh7 35. Nd4 f4 36. g4 Kf8 37. Nf5 Rxh1 
38. Rxh1 Nd2 39. Qh3 f3+ 40. Kg1 Qa1+ 41. Kh2 Qe5+ 42. Kg1 Qa1+ 43. Kh2 Qe5+ 
44. Kg1 Qa1+ 1/2-1/2

[Event "Tuesday 03 April Rapid Engine Tour12+1 Rounds 9 Starts 1600ST"]
[Site "Infinity Chess"]
[Date "2018.4.3"]
[Round "7"]
[White "Brtroy"]
[Black "MCDermont"]
[Result "1/2-1/2"]
[ECO "C02"]
[WhiteElo "2500"]
[BlackElo "2499"]
[WhiteEngine "Stockfish_18040103_x64_bmi2_CTG"]
[BlackEngine "BrainFish 010418 WM_CTG"]
[EventType "Swiss"]
[WhiteTeam ""]
[BlackTeam ""]
[PlyCount "223"]
[TimeControl "720+1"]

1. e4 e6 2. d4 d5 3. e5 c5 4. c3 Nc6 5. Nf3 Qb6 6. Be2 cxd4 7. cxd4 Nh6 
8. Bxh6 Qxb2 9. Nbd2 gxh6 10. Rb1 Qxa2 11. O-O Qa5 12. Nb3 Qc7 13. Qd2 a6 
14. Rfc1 Bg7 15. Nc5 O-O 16. Nd3 f6 17. exf6 Rxf6 18. Rc3 a5 19. Bd1 a4 
20. Nde5 a3 21. Bc2 Qe7 22. Qd3 Bf8 23. Ra1 Qg7 24. Nxc6 bxc6 25. Ne5 Kh8 
26. Rxc6 Bb7 27. Rb6 Ra7 28. g3 Qc7 29. Ra2 Bc8 30. Rc6 Qd8 31. Qe3 Rg7 
32. Bd1 Bd6 33. Kg2 Ra7 34. Rc3 Rg7 35. Nd3 Re7 36. Qc1 Re8 37. Nc5 e5 
38. dxe5 Bxe5 39. Rcxa3 d4 40. Qc4 Qc7 41. Qb5 Rd8 42. Nd3 Qb7+ 43. Qxb7 Bxb7+ 
44. Kf1 Bd6 45. Ra4 Bc7 46. Rc2 Bc6 47. Ra3 Bb8 48. f4 Be8 49. Rb2 Bg6 
50. Be2 Bc7 51. Nf2 Rc6 52. Bd3 Rc3 53. Rbb3 Rc1+ 54. Kg2 Bf7 55. Rb5 Rd7 
56. Ne4 Kg7 57. Kf2 Bd5 58. Nc5 Re7 59. Nb3 Rc3 60. Rxd5 Rxd3 61. Rb5 Rc3 
62. Ra1 d3 63. Nd4 Kf7 64. Rd1 Rd7 65. Nf3 Kg6 66. Ke3 Ra3 67. Nd2 h5 68. h4 Ra5 
69. Rb3 Ra4 70. Kf3 Ra2 71. Rb5 Ra5 72. Rb7 Rad5 73. Nb3 Re7 74. Rd2 Rf7 
75. Rb4 Rd6 76. Rd4 Rxd4 77. Nxd4 Rd7 78. Nb3 Rd5 79. Ke4 Rd8 80. Nc1 Re8+ 
81. Kf3 Rd8 82. Rxd3 Rxd3+ 83. Nxd3 Kf5 84. Nb2 Ba5 85. Nd3 Bb6 86. Nf2 Bc7 
87. Nd1 Kf6 88. Ke3 Bd6 89. Kf2 Bb4 90. Nb2 Kg6 91. Nd1 Kf5 92. Ne3+ Ke4 
93. Nc4 Bc5+ 94. Ke2 Be7 95. Nd2+ Kf5 96. Nf3 Bd6 97. Kf2 Bc5+ 98. Kg2 h6 
99. Nd2 Bb4 100. Nf3 Ke4 101. Ne5 Bc3 102. Nf7 Kd5 103. Nxh6 Ke6 104. g4 hxg4 
105. Kg3 Bb4 106. Kxg4 Kf6 107. Nf5 Bd2 108. Nd4 Bc3 109. Nc6 Kg6 110. Ne7+ Kh6 
111. Nf5+ Kg6 112. h5+ 1/2-1/2

[Event "Tuesday 03 April Rapid Engine Tour12+1 Rounds 9 Starts 1600ST"]
[Site "Infinity Chess"]
[Date "2018.4.3"]
[Round "7"]
[White "Marsell"]
[Black "MarioDeMonti"]
[Result "1/2-1/2"]
[ECO "C55"]
[WhiteElo "2469"]
[BlackElo "2503"]
[WhiteEngine "asmFishW_2018-04-02_bmi2"]
[BlackEngine "stockfish_x64_bmi2_2018_02_18_CTG"]
[EventType "Swiss"]
[WhiteTeam ""]
[BlackTeam ""]
[PlyCount "76"]
[TimeControl "720+1"]

1. e4 e5 2. Nf3 Nc6 3. Bc4 Nf6 4. d3 Bc5 5. c3 d6 6. O-O O-O 7. h3 a5 
8. Nbd2 Be6 9. Bb5 h6 10. Re1 Qb8 11. Nf1 Qa7 12. Be3 Bxe3 13. Nxe3 Ne7 
14. a4 Ng6 15. Bc4 Bxc4 16. Nxc4 Qa6 17. b3 Rfe8 18. Qc2 Nf4 19. Kh2 Qc6 
20. Rad1 b6 21. d4 exd4 22. Nxd4 Qc5 23. g3 Ng6 24. Re2 h5 25. h4 d5 
26. exd5 Qxd5 27. Rde1 Rxe2 28. Rxe2 Rd8 29. Kg1 Qd7 30. Nf5 Re8 31. Rxe8+ Qxe8 
32. Qd2 Ne5 33. Nxe5 Qxe5 34. Qg5 Qe1+ 35. Kg2 Qe4+ 36. Kg1 Qe1+ 37. Kg2 Qe4+ 
38. Kg1 Qe1+ 1/2-1/2

[Event "Tuesday 03 April Rapid Engine Tour12+1 Rounds 9 Starts 1600ST"]
[Site "Infinity Chess"]
[Date "2018.4.3"]
[Round "7"]
[White "ivrdurant"]
[Black "SkyPilot"]
[Result "1/2-1/2"]
[ECO "C50"]
[WhiteElo "2475"]
[BlackElo "2493"]
[WhiteEngine "Raubfisch ME262_GTZ16d4"]
[BlackEngine "stockfish_x64_bmi2_2018_03_30_CTG"]
[EventType "Swiss"]
[WhiteTeam ""]
[BlackTeam ""]
[PlyCount "121"]
[TimeControl "720+1"]

1. e4 e5 2. Nf3 Nc6 3. Bc4 Bc5 4. O-O Nf6 5. d3 d6 6. c3 O-O 7. h3 a5 8. Bg5 h6 
9. Bh4 g5 10. Bg3 Nh5 11. d4 Nxg3 12. fxg3 Bb6 13. Kh2 Kg7 14. dxe5 dxe5 
15. Nbd2 f6 16. a4 Qe8 17. Bd5 Ne7 18. Bb3 Bc5 19. Ne1 b6 20. Nd3 Bd6 
21. Nc4 Bb7 22. Nxd6 cxd6 23. Nf2 Rd8 24. Qe2 Qc6 25. Qh5 Qe8 26. Qe2 Qc6 
27. Bc4 d5 28. exd5 Nxd5 29. Bb5 Qc7 30. Rae1 Rf7 31. h4 Bc8 32. Qh5 gxh4 
33. Qxh4 f5 34. Bc4 Rff8 35. Ng4 fxg4 36. Rxf8 Rxf8 37. Bxd5 Qd6 38. Be4 Qf6 
39. Qh5 Rd8 40. b4 Qg5 41. Qxg5+ hxg5 42. bxa5 bxa5 43. Rb1 Be6 44. Rb5 Kf6 
45. Rxa5 Rd1 46. Bc2 Rc1 47. Be4 Rxc3 48. Ra6 Ke7 49. Ra7+ Kd6 50. Ra6+ Ke7 
51. a5 Rc4 52. Bc6 e4 53. Rb6 e3 54. a6 Bd7 55. Bxd7 Kxd7 56. Rb3 e2 57. Re3 Ra4 
58. Rxe2 Rxa6 59. Re4 Ra8 60. Rxg4 Kd6 61. Rxg5 1/2-1/2